 Dungeon Crawl Stone Soup version 0.17.0-23-g0de4337 (console) character file.

106 gw the Vandal (level 4, -5/23 HPs)
             Began as a Spriggan Hunter on Nov 14, 2015.
             Was an Initiate of the Shining One.
             Slain by an orc
             ... wielding a +0 trident
              (8 damage)
             ... on level 3 of the Dungeon.
             The game lasted 00:03:06 (2468 turns).

gw the Vandal (Spriggan Hunter)                     Turns: 2468, Time: 00:03:06

Health: -5/23      AC:  2    Str:  8    XL:     4   Next: 55%
Magic:  5/5        EV: 19    Int: 12    God:    the Shining One [......]
Gold:   119        SH:  0    Dex: 17    Spells: 0 memorised, 3 levels left

rFire  . . .     SeeInvis +     b - +0 rapier
rCold  . . .     Clarity  .     d - +0 robe
rNeg   . . .     SustAt   .     (shield restricted)
rPois  .         Gourm    .     (helmet restricted)
rElec  .         Spirit   .     (no cloak)
rCorr  .         Warding  .     (gloves unavailable)
rMut   .         Stasis   .     (boots unavailable)
MR     .....                    (no amulet)
Stlth  ++........               (no ring)
                                (no ring)

@: about to teleport, very quick, not resistant to hostile enchantments,
unstealthy
A: unfitting armour, see invisible, herbivore 3, speed 3, slow metabolism 2
a: Renounce Religion


You were on level 3 of the Dungeon.
You worshipped the Shining One.
The Shining One was noncommittal.
You were not hungry.

You visited 1 branch of the dungeon, and saw 3 of its levels.

You collected 119 gold pieces.

Inventory:

Hand Weapons
 a - a +1 hunting sling
 b - a +0 rapier (weapon)
Missiles
 h - 9 sling bullets
 i - 27 stones (quivered)
Armour
 d - a +0 robe (worn)
Scrolls
 f - 2 scrolls of recharging
 j - a scroll of noise
 k - 3 scrolls of remove curse
 l - 2 scrolls of identify
 n - a scroll of random uselessness {unknown}
 o - a scroll of blinking {unknown}
 p - a scroll of amnesia {unknown}
 q - a scroll of immolation {unknown}
Comestibles
 c - 3 fruits
 e - 4 bread rations
 m - a slice of pizza


   Skills:
 + Level 2.0 Fighting
 + Level 1.9 Short Blades
 * Level 6.0 Slings
 + Level 4.0 Dodging
 - Level 1.5 Stealth
 + Level 0.2 Invocations


You had 3 spell levels left.
You didn't know any spells.

Dungeon Overview and Level Annotations

Branches:
Dungeon (3/15)

Altars:
Ashenzari
Elyvilon
Trog
Zin
The Shining One


Innate Abilities, Weirdness & Mutations

You are tiny and cannot use many weapons and most armour.
You have supernaturally acute eyesight.
You are a herbivore.
You cover ground extremely quickly.
You need consume almost no food.


Message History

The orc misses you.
ATTACK MOVE TO (1,0)
You barely miss the orc wizard. The orc wizard hits you with a dagger.
The orc wizard hits you with a dagger.
ATTACK MOVE TO (1,0)
You hit the orc wizard.
The orc wizard is moderately wounded.
The orc wizard hits you but does no damage.
The orc hits you from afar with a trident.
The orc wizard hits you with a dagger.
Read which item? (? for menu, Esc to quit)
As you read the scroll of teleportation, it crumbles to dust.
You feel strangely unstable. The orc closely misses you.
The orc wizard hits you with a dagger.
ATTACK MOVE TO (1,0)
You hit the orc wizard.
The orc wizard is moderately wounded.
The orc wizard hits you with a dagger.
The orc hits you from afar with a trident!
You die...

...###
...########
##........###
#########...## #
###..# # ##.## #
. #..#### #.#
##....#...#
##..io.#
#......###o....#
..###### ....#
## ##.. .. . #
.# ## .# .##
.##..# ..##
##.....# ...#
######....<.#


You could see an orc wizard and an orc.

Table legend:
 A = Turns spent in this place as a percentage of turns spent in the entire game.
 B = Non-inter-level travel turns spent in this place as a percentage of non-inter-level travel turns spent in the entire game.
 C = Inter-level travel turns spent in this place as a percentage of turns spent in this place.
 D = Turns resting spent in this place as a percentage of non-inter-level travel turns spent in this place.
 E = Turns spent auto-exploring this place as a percentage of non-inter-level travel turns spent in this place.
 F = Non-inter-level travel turns spent in this place divided by the number of levels of this place that you've seen.
                   A       B       C       D       E      F
               +-------+-------+-------+-------+-------+----------------------
         Total | 100.0 | 100.0 |   0.1 |   0.4 |   2.2 | 1230.0
       Dungeon | 100.0 | 100.0 |   0.1 |   0.4 |   2.2 | 1230.0
               +-------+-------+-------+-------+-------+----------------------

Table legend:
 A = Kills in this place as a percentage of kills in entire the game.
 B = Kills by you in this place as a percentage of kills by you in the entire game.
 C = Kills by friends in this place as a percentage of kills by friends in the entire game.
 D = Other kills in this place as a percentage of other kills in the entire game.
 E = Experience gained in this place as a percentage of experience gained in the entire game.
 F = Experience gained in this place divided by the number of levels of this place that you have seen.
                   A       B       C       D       E      F
               +-------+-------+-------+-------+-------+----------------------
         Total | 100.0 | 100.0 |  -nan |  -nan | 100.0 |  50.7
       Dungeon | 100.0 | 100.0 |  -nan |  -nan | 100.0 |  50.7
               +-------+-------+-------+-------+-------+----------------------

Vanquished Creatures
  The ghost of gw the Chopper, a weakling MiBe of Trog (D:3)
  2 adders
  2 worms (D:3)
  A giant gecko (D:1)
  3 orcs (D:3)
  7 bats
  A giant cockroach (D:3)
  6 goblins
  5 hobgoblins
  2 giant newts (D:1)
  2 kobolds
  9 rats
41 creatures vanquished.

Vanquished Creatures (others)
  A quokka (D:3)
1 creature vanquished.

Grand Total: 42 creatures vanquished

Notes
Turn   | Place    | Note
--------------------------------------------------------------
     0 | D:1      | gw the Spriggan Hunter began the quest for the Orb.
     0 | D:1      | Reached XP level 1. HP: 10/10 MP: 2/2
   103 | D:1      | Reached skill level 5 in Slings
   316 | D:1      | Reached XP level 2. HP: 14/14 MP: 3/3
  1422 | D:2      | Reached skill level 1 in Short Blades
  1793 | D:2      | Reached XP level 3. HP: 18/18 MP: 4/4
  2153 | D:3      | Noticed gw's ghost (weakling MiBe)
  2196 | D:3      | Killed gw's ghost
  2196 | D:3      | Reached skill level 6 in Slings
  2196 | D:3      | Reached XP level 4. HP: 23/23 MP: 5/5
  2401 | D:3      | Found a white marble altar of Elyvilon.
  2419 | D:3      | Found a glowing golden altar of the Shining One.
  2419 | D:3      | Found a glowing silver altar of Zin.
  2423 | D:3      | Found a bloodstained altar of Trog.
  2423 | D:3      | Found a shattered altar of Ashenzari.
  2427 | D:3      | Became a worshipper of the Shining One
  2468 | D:3      | Slain by an orc

Action                   |  1- 3 |  4- 6 || total
-------------------------+-------+-------++-------
Melee: Short sword       |    21 |       ||    21
       Rapier            |     6 |    19 ||    25
 Fire: Hunting sling     |    83 |     3 ||    86
  Use: Scroll            |     6 |     1 ||     7
       Potion            |     1 |       ||     1
 Stab: Sleeping          |     4 |       ||     4

Vault maps used:
D:1:      elethiomel_arrival_maze, grunt_decor_clamped
D:3:      grunt_temple_overflow_open, elyvilon_altar_4
